[Event "Titled Tuesday Blitz February 15 Early 2022"]
[White "Deac, Bogdan-Daniel"]
[Black "Williams, Simon K"]
[WhiteFideId "1226380"]
[BlackFideId "404454"]
[WhiteElo "2646"]
[BlackElo "2468"]
[Result "1-0"]
[Round "06"]
[TimeControl "180+1"]
[Date "2022.02.15"]
[WhiteClock "0:00:35"]
[BlackClock "0:00:03"]

1. e4 d6 2. d4 Nf6 3. Nc3 Nbd7 4. Nf3 e5 5. Rg1 c6 6. a4 exd4 7. Nxd4 d5 8. exd5 cxd5 9. Qe2+ Be7 10. Nf5 Kf8 11. Nxe7 Qxe7 12. Qxe7+ Kxe7 13. Bg5 Nb6 14. a5 Nd7 15. Nxd5+ Kf8 16. O-O-O h6 17. Bf4 g5 18. Nxf6 Nxf6 19. Be5 Kg7 20. Bc4 Re8 21. Rge1 Be6 22. Bb5 Red8 23. f3 Kg6 24. g4 Nd5 25. Bd3+ f5 26. Bd4 Kf7 27. gxf5 Bd7 28. Re5 Bc6 29. Bc4 Rd7 30. h4 Rad8 31. hxg5 hxg5 32. Rh1 Kg8 33. Re6 1-0


[Site "https://www.chess.com"]

[Event "Titled Tuesday Blitz February 15 Early 2022"]
[White "Demchenko, Anton"]
[Black "Manukyan, Artyom"]
[WhiteFideId "4160258"]
[BlackFideId "13305786"]
[WhiteElo "2539"]
[BlackElo "2034"]
[Result "1-0"]
[Round "06"]
[TimeControl "180+1"]
[Date "2022.02.15"]
[WhiteClock "0:02:20"]
[BlackClock "0:00:32"]

1. e4 e5 2. Nf3 Nc6 3. Bc4 Bc5 4. d3 Nf6 5. a4 a6 6. O-O d6 7. c3 Ba7 8. a5 h6 9. Be3 O-O 10. h3 Re8 11. Qb3 Qe7 12. Nbd2 Nd7 13. Bxa7 Rxa7 14. d4 Nf6 15. Rfe1 Qf8 16. Bd3 Nh5 17. Nf1 Nf4 18. Bc2 Qe7 19. Ng3 Ra8 20. d5 Nd8 21. c4 Rf8 22. Qe3 Bd7 23. b4 Kh8 24. c5 g6 25. Rac1 f5 26. exf5 gxf5 27. Qxf4 1-0


[Site "https://www.chess.com"]

[Event "Titled Tuesday Blitz February 15 Early 2022"]
[White "Deuer, Marius"]
[Black "Milosevic, Milos"]
[WhiteFideId "16236432"]
[BlackFideId "964875"]
[WhiteElo "2091"]
[BlackElo "2198"]
[Result "0-1"]
[Round "06"]
[TimeControl "180+1"]
[Date "2022.02.15"]
[WhiteClock "0:00:04"]
[BlackClock "0:01:52"]

1. c4 g6 2. h4 h5 3. d4 Bg7 4. Nf3 d6 5. Nc3 e5 6. dxe5 dxe5 7. Qxd8+ Kxd8 8. Bg5+ f6 9. O-O-O+ Nd7 10. Be3 c6 11. g3 Bh6 12. Bxh6 Nxh6 13. Ne4 Ke7 14. Bh3 Nb6 15. c5 Bxh3 16. Rxh3 Nd7 17. b4 a5 18. Rhh1 axb4 19. Rd2 f5 20. Nd6 e4 21. Ng5 Nxc5 22. Rhd1 Rhd8 23. Kb2 Na4+ 24. Kb3 Nc3 25. Nxb7 Nxd1 26. Nxd8 Rxd8 0-1


[Site "https://www.chess.com"]

[Event "Titled Tuesday Blitz February 15 Early 2022"]
[White "Dilmukhametov, Artur"]
[Black "Osiecki, Stanislaw"]
[WhiteFideId "24179922"]
[BlackFideId "1102990"]
[WhiteElo "2266"]
[BlackElo "2127"]
[Result "0-1"]
[Round "06"]
[TimeControl "180+1"]
[Date "2022.02.15"]
[WhiteClock "0:00:04"]
[BlackClock "0:00:16"]

1. d4 Nf6 2. c4 g6 3. Nc3 Bg7 4. e4 d6 5. Nf3 O-O 6. Be2 e5 7. d5 a5 8. O-O Na6 9. a3 Nc5 10. Qc2 a4 11. Rb1 Bg4 12. h3 Bxf3 13. Bxf3 Qd7 14. Be3 Nb3 15. Be2 Nd4 16. Bxd4 exd4 17. Nd1 Rfe8 18. Bf3 c5 19. Re1 Qe7 20. Qd3 Nd7 21. b3 Ne5 22. Qc2 Nxf3+ 23. gxf3 Qh4 24. bxa4 Qxh3 25. Rxb7 Be5 26. f4 Bxf4 27. f3 Qg3+ 28. Kf1 Qxf3+ 29. Qf2 Qh1+ 30. Qg1 Qxg1+ 31. Kxg1 Rxa4 32. Nf2 Be3 33. Kg2 Bxf2 34. Kxf2 Rxa3 35. Rb6 Rd8 36. Re2 Rc3 37. Rc6 Rxc4 38. e5 dxe5 39. Rxe5 Rc2+ 40. Kf3 d3 41. Re1 Rxd5 42. Rd1 d2 43. Rc8+ Kg7 44. Re8 Rc1 45. Re2 Rxd1 46. Kf2 Re1 47. Rxe1 dxe1=Q+ 48. Kxe1 c4 49. Ke2 c3 50. Ke3 c2 51. Ke4 Rd8 52. Ke5 c1=Q 53. Ke4 Qc4+ 54. Kf3 Rd3+ 55. Ke2 Qc2+ 56. Kf1 Rd1# 0-1


[Site "https://www.chess.com"]

[Event "Titled Tuesday Blitz February 15 Early 2022"]
[White "Do Valle Cardoso, Lucas"]
[Black "Martin, Lewis"]
[WhiteFideId "2163144"]
[BlackFideId "410551"]
[WhiteElo "2357"]
[BlackElo "2145"]
[Result "1-0"]
[Round "06"]
[TimeControl "180+1"]
[Date "2022.02.15"]
[WhiteClock "0:00:47"]
[BlackClock "0:00:21"]

1. e4 c5 2. Nf3 d6 3. Nc3 Nf6 4. d4 cxd4 5. Nxd4 a6 6. Be3 e5 7. Nb3 Be7 8. f3 O-O 9. Qd2 Be6 10. O-O-O a5 11. Bb5 Qc8 12. Na4 Nbd7 13. g4 Qc7 14. g5 Nh5 15. Kb1 Nc5 16. Nbxc5 dxc5 17. Nc3 Rfd8 18. Nd5 Bxd5 19. exd5 Nf4 20. Bxf4 exf4 21. h4 Rd6 22. Qxf4 Rad8 23. Rhe1 Bf8 24. a4 Qc8 25. c4 g6 26. h5 Qh3 27. Rh1 Qg2 28. Rh2 1-0


[Site "https://www.chess.com"]

[Event "Titled Tuesday Blitz February 15 Early 2022"]
[White "Dvirnyy, Danyyil"]
[Black "Lazavik, Denis"]
[WhiteFideId "817570"]
[BlackFideId "13515110"]
[WhiteElo "2546"]
[BlackElo "2436"]
[Result "0-1"]
[Round "06"]
[TimeControl "180+1"]
[Date "2022.02.15"]
[WhiteClock "0:00:06"]
[BlackClock "0:00:08"]

1. c4 Nf6 2. g3 e6 3. Bg2 d5 4. Nf3 dxc4 5. Qa4+ Bd7 6. Qxc4 c5 7. Ne5 Qc8 8. a4 Nc6 9. Nxd7 Qxd7 10. a5 Rc8 11. O-O Be7 12. d3 O-O 13. Nd2 Rfd8 14. Re1 h5 15. Nf3 Nd5 16. Bd2 Bf6 17. Qb3 Nd4 18. Nxd4 Bxd4 19. e3 Bf6 20. Ra4 g6 21. Rc1 Rc7 22. h4 Ne7 23. Be4 Nf5 24. Be1 Nd6 25. Bf3 Nf5 26. Ra3 Rb8 27. Bc3 Bxc3 28. Rxc3 Nd6 29. Ra1 b5 30. axb6 axb6 31. Qc2 Rbc8 32. Rca3 b5 33. Ra8 c4 34. Qc3 Qe7 35. Rxc8+ Rxc8 36. dxc4 Nxc4 37. Qd4 Rd8 38. Qc3 Nd6 39. Be2 Rc8 40. Qb4 Qc7 41. Bd3 Rd8 42. Qa5 Qd7 43. Qb4 Qc6 44. Qd4 Nb7 45. Be4 Qc7 46. Qb4 Nd6 47. Bd3 Qc6 48. Qd4 Qc7 49. Ra7 Qc1+ 50. Kh2 Qc6 51. Bxg6 Qf3 52. e4 e5 53. Qb6 Rc8 54. Bxf7+ Nxf7 55. Qg6+ Kf8 56. Qf5 Qxf5 57. exf5 Rc2 58. Kg2 Rxb2 59. Kf3 e4+ 60. Ke3 Nd6 61. f6 b4 62. f3 exf3 63. Kxf3 b3 64. g4 hxg4+ 65. Kxg4 Rb1 66. Kg5 b2 67. Ra8+ Kf7 68. Ra7+ Ke6 69. Re7+ Kd5 70. Re2 Rg1+ 0-1


[Site "https://www.chess.com"]

[Event "Titled Tuesday Blitz February 15 Early 2022"]
[White "Dzhaparov, Medet"]
[Black "Jain Kashish Manoj"]
[WhiteFideId "13803689"]
[BlackFideId "35081098"]
[WhiteElo "1702"]
[BlackElo "1681"]
[Result "1-0"]
[Round "06"]
[TimeControl "180+1"]
[Date "2022.02.15"]
[WhiteClock "0:01:00"]
[BlackClock "0:00:03"]

1. e4 d6 2. d4 Nf6 3. Nc3 g6 4. Nf3 Bg7 5. Bc4 O-O 6. O-O Nxe4 7. Nxe4 d5 8. Bxd5 Qxd5 9. Nc3 Qh5 10. Be3 Bg4 11. h3 Bxf3 12. Qxf3 Qxf3 13. gxf3 c6 14. Rad1 e6 15. Ne4 Na6 16. c3 h6 17. a4 Rfd8 18. b4 Nc7 19. c4 b6 20. b5 f5 21. Nc3 c5 22. Ne2 cxd4 23. Bxd4 e5 24. Bc3 Ne6 25. Rxd8+ Rxd8 26. Rc1 Nc5 27. Kf1 Nxa4 28. Bb4 Nb2 29. Ra1 Rd7 30. c5 bxc5 31. Bxc5 e4 32. fxe4 fxe4 33. Rxa7 Rxa7 34. Bxa7 Na4 35. b6 Nc5 36. Nf4 g5 37. Nd5 Be5 38. Ne3 Kf7 39. Nc4 Ke6 40. Na5 Nd7 41. b7 Kd5 42. Ke2 Bb8 43. Bxb8 Nxb8 44. Ke3 Nd7 45. Nb3 Kc6 46. Kxe4 Kxb7 47. Kf5 Kc6 48. Kg6 Ne5+ 49. Kxh6 g4 50. h4 Nd3 51. Nd4+ Kd5 52. f3 g3 53. Ne2 g2 54. Kg5 Ke5 55. h5 Nf4 56. Ng1 Nxh5 57. Kxh5 Kf4 58. Kh4 Ke3 59. Kg3 1-0


[Site "https://www.chess.com"]

[Event "Titled Tuesday Blitz February 15 Early 2022"]
[White "Einarsson, Halldor Gretar"]
[Black "Sahil, Tickoo"]
[WhiteFideId "2300150"]
[BlackFideId "5019710"]
[WhiteElo "2114"]
[BlackElo "2099"]
[Result "0-1"]
[Round "06"]
[TimeControl "180+1"]
[Date "2022.02.15"]
[WhiteClock "0:00:13"]
[BlackClock "0:00:12"]

1. d4 d5 2. Nf3 Nf6 3. g3 c6 4. Bg2 Bf5 5. c4 e6 6. O-O h6 7. Qb3 Qb6 8. c5 Qxb3 9. axb3 a6 10. b4 Nbd7 11. Nc3 Rc8 12. Nd2 Be7 13. Nb3 Bd8 14. Bf4 O-O 15. Bd6 Re8 16. f3 Bg6 17. e4 Bc7 18. Bxc7 Rxc7 19. Rfe1 Kf8 20. Na5 Rd8 21. Re2 Nb8 22. h4 dxe4 23. fxe4 Rxd4 24. Rd1 Rxd1+ 25. Nxd1 Ke7 26. Nc4 Nbd7 27. Nc3 Ne8 28. Rd2 f6 29. Kf2 Ne5 30. Nd6 Rd7 31. Nc8+ Kd8 32. Rxd7+ Kxd7 33. Nb6+ Kc7 34. Ke3 Ng4+ 35. Kd4 Ne5 36. Bh3 Bf7 37. Ne2 Nd7 38. Kc3 Nxb6 39. cxb6+ Kxb6 40. e5 fxe5 41. Kd3 Nd6 42. Nc3 e4+ 43. Kd4 Nb5+ 44. Ke5 Nxc3 45. bxc3 e3 46. Bg4 c5 47. Be2 cxb4 48. cxb4 a5 49. bxa5+ Kxa5 50. Kd4 b5 51. Kxe3 b4 52. Kd4 Ka4 53. Kc5 Ka3 54. Kd6 b3 55. Bd3 Bg8 56. Ke7 e5 57. Kf8 Bd5 58. Kxg7 h5 59. Kg6 e4 60. Bb1 e3 61. Bd3 b2 62. Kxh5 e2 0-1


[Site "https://www.chess.com"]

[Event "Titled Tuesday Blitz February 15 Early 2022"]
[White "Erigaisi Arjun"]
[Black "Khoroshev, Nikita"]
[WhiteFideId "35009192"]
[BlackFideId "14200287"]
[WhiteElo "2745"]
[BlackElo "2354"]
[Result "1-0"]
[Round "06"]
[TimeControl "180+1"]
[Date "2022.02.15"]
[WhiteClock "0:00:40"]
[BlackClock "0:00:20"]

1. Nh3 d5 2. d4 c5 3. e3 Nc6 4. c3 Nf6 5. dxc5 a5 6. Bb5 e5 7. b4 Be7 8. Bb2 O-O 9. a3 Ne8 10. Nd2 Nc7 11. Be2 f5 12. f4 d4 13. Nc4 Nb5 14. cxd4 exd4 15. Nb6 Bh4+ 16. g3 Qe7 17. Bxb5 Rd8 18. Qb3+ Kh8 19. O-O Be6 20. Bc4 a4 21. Qd3 Bxc4 22. Nxc4 Bf6 23. Nd6 b6 24. exd4 bxc5 25. bxc5 Rab8 26. Rae1 Qd7 27. Bc3 Rb3 28. Nf2 Bxd4 29. Bxd4 Rxd3 30. Nxd3 Nxd4 31. Ne5 Qc7 32. Nef7+ Kg8 33. Nxd8 h5 34. Re8+ Kh7 35. N8f7 Qc6 36. Rh8+ Kg6 37. Ne5+ Kf6 38. Nxc6 1-0


[Site "https://www.chess.com"]

[Event "Titled Tuesday Blitz February 15 Early 2022"]
[White "Ezat, Mohamed"]
[Black "Moskvin, Anatoly"]
[WhiteFideId "10600906"]
[BlackFideId "24199990"]
[WhiteElo "2386"]
[BlackElo "2079"]
[Result "1-0"]
[Round "06"]
[TimeControl "180+1"]
[Date "2022.02.15"]
[WhiteClock "0:00:05"]
[BlackClock "0:00:02"]

1. d4 Nf6 2. Nf3 c5 3. e3 g6 4. dxc5 Qa5+ 5. Nbd2 Qxc5 6. a3 Bg7 7. b4 Qc7 8. Bb2 O-O 9. c4 a5 10. Be2 d6 11. O-O Nc6 12. Qb3 Bg4 13. h3 Be6 14. Ng5 Bd7 15. Ngf3 Be6 16. b5 Nb8 17. Nd4 Nbd7 18. Nxe6 fxe6 19. Qc2 a4 20. Ne4 Nxe4 21. Bxg7 Kxg7 22. Qxe4 Nc5 23. Qd4+ e5 24. Qd5 Rf6 25. f4 exf4 26. exf4 Raf8 27. g3 Rf5 28. Qd4+ e5 29. fxe5 dxe5 30. Qe3 Rxf1+ 31. Bxf1 Qd6 32. Bg2 b6 33. Bd5 e4 34. Rf1 Rxf1+ 35. Kxf1 Qf6+ 36. Kg2 Qb2+ 37. Kg1 Qb1+ 38. Kg2 Qc2+ 39. Kg1 Qd1+ 40. Kg2 Qc2+ 41. Qf2 Qxf2+ 42. Kxf2 Kf6 43. Ke3 Ke5 44. h4 h6 45. g4 h5 46. gxh5 gxh5 47. Bf7 Nd3 48. Bxh5 Nf4 49. Bd1 Ng2+ 50. Kd2 Nxh4 51. Bxa4 Kd4 52. Bc2 Nf3+ 53. Ke2 Ne5 54. a4 Nxc4 55. Kf2 e3+ 56. Ke2 Kc3 57. Bd3 Nb2 58. a5 Nxd3 59. a6 Kd4 60. a7 Nf4+ 61. Kf3 e2 62. Kf2 Kd3 63. a8=Q Nh3+ 64. Ke1 Nf4 65. Qd8+ Ke3 66. Qd2+ Kf3 67. Qc3+ Kg2 68. Qd4 Kf3 69. Qf2+ Ke4 70. Qxb6 Kf3 71. Qf6 Ke3 72. Qxf4+ Kxf4 73. b6 1-0


[Site "https://www.chess.com"]

[Event "Titled Tuesday Blitz February 15 Early 2022"]
[White "Faizrakhmanov, Ramil"]
[Black "Kozin, Yuri"]
[WhiteFideId "24103209"]
[BlackFideId "4129920"]
[WhiteElo "2502"]
[BlackElo "2541"]
[Result "1-0"]
[Round "06"]
[TimeControl "180+1"]
[Date "2022.02.15"]
[WhiteClock "0:00:14"]
[BlackClock "0:00:02"]

1. e4 c5 2. Nf3 e6 3. d4 cxd4 4. Nxd4 a6 5. Bd3 Qc7 6. O-O Nc6 7. Nb3 Nf6 8. Nc3 Ne5 9. f4 Nxd3 10. cxd3 d6 11. d4 Be7 12. e5 Nd5 13. Nxd5 exd5 14. f5 dxe5 15. dxe5 Qxe5 16. f6 gxf6 17. Bf4 Qe4 18. Qh5 Rg8 19. g3 Bg4 20. Qh4 Bd8 21. Nc5 Qd4+ 22. Kh1 Qxc5 23. Qxh7 Rf8 24. Rae1+ Be6 25. Bh6 d4 26. Bxf8 Qxf8 27. Rxe6+ fxe6 28. Qxb7 Qd6 29. Qxa8 e5 30. Qe4 Be7 31. Rd1 Kf7 32. g4 Qe6 33. b3 Qb6 34. Qd5+ Kf8 35. Rc1 Qb8 36. Qe6 Qb7+ 37. Qc6 Qb4 38. Qd5 1-0


[Site "https://www.chess.com"]

[Event "Titled Tuesday Blitz February 15 Early 2022"]
[White "Fajdetic, Hrvoje"]
[Black "Fiorito, Fabian"]
[WhiteFideId "14501945"]
[BlackFideId "100200"]
[WhiteElo "2140"]
[BlackElo "2395"]
[Result "1-0"]
[Round "06"]
[TimeControl "180+1"]
[Date "2022.02.15"]
[WhiteClock "0:00:07"]
[BlackClock "0:00:09"]

1. d4 d5 2. Bf4 Nf6 3. e3 c5 4. Nc3 a6 5. Nce2 cxd4 6. exd4 Nc6 7. c3 Bf5 8. Nf3 e6 9. h4 h6 10. Ng3 Bg4 11. Qb3 Na5 12. Qc2 Bxf3 13. gxf3 Bd6 14. Be5 Nc6 15. f4 Rc8 16. Qe2 b5 17. a3 O-O 18. Rg1 Kh8 19. Nh5 Bxe5 20. fxe5 Nxh5 21. Qxh5 f6 22. Qg6 Qe7 23. Bd3 f5 24. Kd2 Rc7 25. f4 Qxh4 26. Raf1 Qe7 27. Rh1 Rf7 28. Rfg1 Rc8 29. Be2 b4 30. axb4 Nxb4 31. Bh5 Rff8 32. Qg3 Nc6 33. Bg6 Nxd4 34. Qh3 Nb3+ 35. Ke1 Kg8 36. Bh5 d4 37. Bd1 dxc3 38. Qxh6 Rc6 39. Bxb3 Kf7 40. Qh5+ Kg8 41. Qg6 c2 42. Bxc2 Rc3 43. Rh8+ Kxh8 44. bxc3 Kg8 45. Rh1 Rc8 46. Bb3 Re8 47. Qh7+ Kf7 48. Bxe6+ Qxe6 49. Qh5+ Ke7 50. Qg5+ Kd7 51. Ke2 Re7 52. Rd1+ Kc7 53. Qg3 Qc4+ 54. Qd3 Qxd3+ 55. Rxd3 Kb6 56. Ke3 Kb5 57. Rd5+ Kc4 58. Ra5 Re6 59. Ra3 Kb5 60. Kf3 a5 61. Kg3 Rh6 62. Rb3+ Kc4 63. Ra3 Kb5 64. Rb3+ Ka6 65. Rb8 Rg6+ 66. Kf3 a4 67. Rf8 Kb5 68. Rxf5 Kc4 69. Rf7 Kxc3 70. Ra7 Kb3 71. f5 Rg5 72. Kf4 Rh5 73. e6 Rh2 74. Rxg7 a3 75. Ra7 a2 76. e7 Re2 77. f6 Kb2 78. Kf5 Rf2+ 79. Ke6 Re2+ 80. Kf7 Re3 81. Rxa2+ Kxa2 82. e8=Q Rf3 83. Ke7 Ra3 84. Kf7 Ra7+ 85. Qe7 Ra3 86. Qxa3+ Kxa3 87. Ke7 Kb4 88. f7 Kc3 89. f8=Q Kd4 90. Qf5 1-0


[Site "https://www.chess.com"]

[Event "Titled Tuesday Blitz February 15 Early 2022"]
[White "Federzoni, Enzo"]
[Black "Weetik, Vjacheslav"]
[WhiteFideId "2173301"]
[BlackFideId "4153472"]
[WhiteElo "1956"]
[BlackElo "2469"]
[Result "0-1"]
[Round "06"]
[TimeControl "180+1"]
[Date "2022.02.15"]
[WhiteClock "0:00:05"]
[BlackClock "0:00:06"]

1. c4 e5 2. g3 Nc6 3. Bg2 g6 4. Nc3 Bg7 5. d3 h6 6. Nf3 f5 7. O-O Nf6 8. Nh4 Ne7 9. Nd5 Nfxd5 10. cxd5 g5 11. Nf3 O-O 12. d4 e4 13. Ne1 Nxd5 14. Qb3 c6 15. f3 exf3 16. Bxf3 d6 17. Bxd5+ cxd5 18. Qxd5+ Kh8 19. Nf3 Qe7 20. Qc4 Be6 21. d5 Rac8 22. Qd3 Bd7 23. Bd2 a6 24. Bc3 Bxc3 25. bxc3 Bb5 26. Qd4+ Kg8 27. Rf2 Rc4 28. Qd2 Rc5 29. a4 Bc4 30. Nd4 Qe4 31. Raf1 Bxd5 32. Rf3 Rf6 33. Qd3 g4 34. Qxe4 Bxe4 35. Re3 Kg7 36. Rd1 d5 37. Rd2 Kg6 38. Rb2 Ra5 39. Rxb7 Rxa4 40. Kf2 Ra1 41. Re7 Rh1 42. Ne6 h5 43. Nf4+ Kh6 44. Re8 Rxh2+ 45. Ke1 Rh1+ 46. Kd2 h4 47. Rh8+ Kg7 48. gxh4 Kxh8 49. h5 Rf1 50. Ng6+ Rxg6 51. hxg6 Kg7 52. Rg3 Kxg6 53. Ke3 f4+ 0-1


[Site "https://www.chess.com"]

[Event "Titled Tuesday Blitz February 15 Early 2022"]
[White "Fedoseev, Vladimir"]
[Black "Moroni, Luca Jr"]
[WhiteFideId "24130737"]
[BlackFideId "865834"]
[WhiteElo "2726"]
[BlackElo "2573"]
[Result "1-0"]
[Round "06"]
[TimeControl "180+1"]
[Date "2022.02.15"]
[WhiteClock "0:00:29"]
[BlackClock "0:00:29"]

1. e4 e5 2. Nf3 Nc6 3. Bb5 a6 4. Ba4 d6 5. c3 Bd7 6. O-O g6 7. d4 Bg7 8. Re1 Nf6 9. Bg5 h6 10. Bh4 O-O 11. Nbd2 Qe8 12. Bb3 Nh5 13. Nf1 exd4 14. Nxd4 Qe5 15. Nf3 Qc5 16. Ne3 Nf6 17. e5 Ng4 18. exd6 Nxe3 19. Rxe3 cxd6 20. Bg3 Rfe8 21. Bxd6 Qf5 22. Rxe8+ Rxe8 23. Bg3 Be6 24. Qc2 Qb5 25. Re1 Nd8 26. Ba4 Bf5 27. Bxb5 Rxe1+ 28. Nxe1 Bxc2 29. Bxa6 Be4 30. Bc4 Nc6 31. f3 Bb1 32. Bd5 Kf8 33. Kf2 Ke8 34. Ke2 f5 35. Nd3 Kd7 36. Nc5+ Kc8 37. Be6+ Kd8 38. Nxb7+ Ke7 39. Bd5 Nd8 40. Nxd8 1-0


[Site "https://www.chess.com"]

[Event "Titled Tuesday Blitz February 15 Early 2022"]
[White "Fernandez, Michael"]
[Black "Khripachenko, Alexander"]
[WhiteFideId "5803560"]
[BlackFideId "54184975"]
[WhiteElo "2110"]
[BlackElo "2177"]
[Result "1-0"]
[Round "06"]
[TimeControl "180+1"]
[Date "2022.02.15"]
[WhiteClock "0:00:27"]
[BlackClock "0:00:32"]

1. b4 c6 2. Bb2 Qb6 3. a3 a5 4. e3 axb4 5. Bd4 c5 6. Bxc5 Qc7 7. Bxb4 Nc6 8. Bc3 e5 9. Bb5 Nf6 10. Ne2 Bd6 11. Ng3 O-O 12. a4 Bc5 13. d3 d5 14. O-O Bg4 15. Qd2 h5 16. Bxc6 bxc6 17. d4 exd4 18. Bxd4 Be7 19. Nc3 h4 20. Nge2 h3 21. f3 hxg2 22. Kxg2 Be6 23. Nf4 Bf5 24. Kh1 Rfe8 25. Rg1 g6 26. Raf1 Rad8 27. Nce2 Qd6 28. Ng3 Bc8 29. Qc3 c5 30. Be5 Qb6 31. Ngh5 d4 32. exd4 cxd4 33. Qb3 Kf8 34. Qxb6 1-0


[Site "https://www.chess.com"]

[Event "Titled Tuesday Blitz February 15 Early 2022"]
[White "Gabrielian, Artur"]
[Black "Moksh Amit Doshi"]
[WhiteFideId "4131002"]
[BlackFideId "25064967"]
[WhiteElo "2440"]
[BlackElo "2245"]
[Result "0-1"]
[Round "06"]
[TimeControl "180+1"]
[Date "2022.02.15"]
[WhiteClock "0:00:11"]
[BlackClock "0:00:21"]

1. e4 e5 2. Nf3 Nc6 3. Bc4 Bc5 4. d3 Nf6 5. Bg5 h6 6. Bh4 a6 7. c3 d6 8. a4 Ba7 9. Nbd2 Qe7 10. O-O g5 11. Bg3 Nd7 12. Bd5 h5 13. h4 g4 14. Ng5 Nd8 15. d4 f6 16. dxe5 dxe5 17. Kh1 fxg5 18. hxg5 h4 19. Bh2 g3 20. Bg1 Qxg5 21. f4 exf4 22. Nf3 Qh5 23. Bxa7 h3 24. Ng1 hxg2+ 25. Kxg2 Qh2+ 26. Kf3 Rxa7 27. Qd4 c5 28. Qg7 Nf8 29. Qe5+ Be6 30. Rad1 Qh5+ 31. Qxh5+ Rxh5 32. Kxf4 b6 33. Nf3 g2 34. Rg1 Rf7+ 35. Ke3 Rh3 36. Rxg2 Rhxf3+ 37. Ke2 Bxd5 38. Rxd5 Nd7 39. Rh5 Ne6 40. Rh8+ Ke7 41. Ra8 R3f6 42. Kd2 Nf4 43. Rf2 Rd6+ 44. Kc2 a5 45. Rh8 Ne5 46. Rfh2 Nf3 47. R2h6 Ne1+ 48. Kb3 Rxh6 49. Rxh6 Ne6 50. Kc4 Nf3 51. Kb5 Ne5 52. Kxb6 Nc4+ 53. Kb5 Nxb2 54. Kxa5 Kd6 55. Kb5 Rb7+ 56. Ka6 Rb3 57. a5 Nc4 58. e5+ Nxe5 59. Ka7 Nc6+ 60. Ka6 Kd5 61. c4+ Kxc4 62. Rxe6 Nb4+ 63. Ka7 Kb5 64. a6 Ra3 65. Rb6+ Kc4 66. Kb7 Rxa6 67. Rxa6 Nxa6 68. Kxa6 Kb3 0-1


[Site "https://www.chess.com"]

[Event "Titled Tuesday Blitz February 15 Early 2022"]
[White "Gaehwiler, Gabriel"]
[Black "Devaev, Alexander"]
[WhiteFideId "1314530"]
[BlackFideId "4169395"]
[WhiteElo "2383"]
[BlackElo "2185"]
[Result "1-0"]
[Round "06"]
[TimeControl "180+1"]
[Date "2022.02.15"]
[WhiteClock "0:01:00"]
[BlackClock "0:00:02"]

1. d4 f6 2. e4 g6 3. h4 Bg7 4. h5 c6 5. Nc3 Bh6 6. Bxh6 Nxh6 7. hxg6 hxg6 8. Qd2 g5 9. Bc4 e6 10. e5 d5 11. exd6 Qxd6 12. Nge2 Nd7 13. Ne4 Qe7 14. O-O-O Nb6 15. Bd3 Bd7 16. f4 g4 17. Qa5 Nd5 18. Rde1 f5 19. Nd2 Qb4 20. Qxb4 Nxb4 21. Bc4 b5 22. Bb3 O-O-O 23. Ng3 Nf7 24. Ne2 Nd6 25. c3 Nd5 26. g3 Nf6 27. Bc2 Rde8 28. Kd1 Kc7 29. Nc1 Kb6 30. Nd3 Nb7 31. Ne5 Bc8 32. Ng6 Rxh1 33. Rxh1 c5 34. Nb3 1-0


[Site "https://www.chess.com"]

[Event "Titled Tuesday Blitz February 15 Early 2022"]
[White "Gant, Chris J"]
[Black "Buscar, Michael"]
[WhiteFideId "403946"]
[BlackFideId "2603616"]
[WhiteElo "2181"]
[BlackElo "2010"]
[Result "1/2-1/2"]
[Round "06"]
[TimeControl "180+1"]
[Date "2022.02.15"]
[WhiteClock "0:00:02"]
[BlackClock "0:00:19"]

1. d4 Nf6 2. c4 e6 3. g3 c5 4. Nf3 cxd4 5. Nxd4 Be7 6. Bg2 O-O 7. O-O Nc6 8. Nc3 a6 9. b3 Qc7 10. Bb2 d6 11. e3 Bd7 12. Qe2 Rfd8 13. Rfd1 Be8 14. e4 Nxd4 15. Rxd4 Nd7 16. Rdd1 Bf6 17. Na4 Rac8 18. Bxf6 Nxf6 19. Nb2 Bc6 20. f3 d5 21. e5 Nd7 22. f4 dxc4 23. Nxc4 Bxg2 24. Qxg2 Nb6 25. Nd6 Qc5+ 26. Kh1 Rxd6 27. exd6 Nd5 28. d7 Rd8 29. Rac1 Qd6 30. f5 Qxd7 31. fxe6 fxe6 32. Qe4 Qe7 33. Re1 Re8 34. Rcd1 Nf6 35. Qc4 Kh8 36. Re2 e5 37. Rde1 e4 38. Qd4 h6 39. Kg2 Qe6 40. Kh1 Qg4 41. Qe3 Re5 42. Qf4 Qh5 43. Rxe4 Rxe4 44. Rxe4 Qd1+ 45. Kg2 Qc2+ 46. Kf3 Nxe4 47. Qxe4 Qxa2 48. Qe8+ Kh7 49. Qe4+ Kg8 50. Qe8+ Kh7 51. Qe4+ g6 52. Qe7+ Kg8 53. Qe8+ Kg7 54. Qe7+ Kg8 55. Qe8+ Kg7 56. Qe7+ Kh8 57. Qf8+ Kh7 58. Qf7+ Kh8 59. Qf8+ Kh7 60. Qf7+ Kh8 61. Qf8+ 1/2-1/2


[Site "https://www.chess.com"]

[Event "Titled Tuesday Blitz February 15 Early 2022"]
[White "Garagulya, Konstantin"]
[Black "Pichot, Alan"]
[WhiteFideId "4128931"]
[BlackFideId "110973"]
[WhiteElo "2329"]
[BlackElo "2543"]
[Result "0-1"]
[Round "06"]
[TimeControl "180+1"]
[Date "2022.02.15"]
[WhiteClock "0:00:01"]
[BlackClock "0:00:04"]

1. d4 Nf6 2. Nf3 d5 3. c4 e6 4. Bg5 h6 5. Bh4 g5 6. Bg3 Ne4 7. Nbd2 Nxg3 8. hxg3 Bg7 9. e3 c5 10. cxd5 exd5 11. Bb5+ Kf8 12. dxc5 Bxb2 13. Rb1 Bf6 14. O-O Nd7 15. Nb3 g4 16. Nfd4 Ne5 17. c6 h5 18. cxb7 Bxb7 19. Nc5 Bc8 20. Nc6 Qd6 21. Ne4 Qe6 22. Nxf6 Qxf6 23. Qxd5 Ng6 24. Nd4 Rb8 25. Bd3 Rxb1 26. Rxb1 Ne7 27. Qc5 Kg7 28. Rb8 h4 29. Rxc8 Rxc8 30. Qxe7 Qxe7 31. Nf5+ Kf6 32. Nxe7 Rc1+ 33. Kh2 hxg3+ 34. Kxg3 Kxe7 35. Kxg4 Rd1 36. Bc4 Rd2 37. Kf3 f5 38. Bb3 Kf6 39. g3 Ke5 40. Bf7 a5 41. Bb3 Rb2 42. Bg8 a4 43. Bf7 a3 44. Bg8 Rb8 45. Bf7 Rb7 46. Bc4 Rb2 47. Bg8 Kd6 48. Bc4 Kc5 49. Be6 Kb4 50. g4 fxg4+ 51. Kxg4 Rxf2 52. e4 Kc5 53. Kg3 Rd2 54. Bd5 Kd4 55. Kf3 Rb2 56. Kf4 Rf2+ 57. Kg3 Ke3 58. e5 Rf5 59. Bb3 Rxe5 60. Kg2 Rg5+ 61. Kf1 Rc5 62. Kg2 Rb5 63. Be6 Kf4 64. Kf1 Kf3 65. Kg1 Re5 66. Bb3 Re2 67. Bc4 Rc2 68. Bb3 Rd2 69. Bc4 Ke3 70. Bb3 Kd4 71. Be6 Kc3 72. Kf1 Kb2 73. Ke1 Rh2 74. Bc4 Kb1 75. Kd1 Rh4 76. Bb3 Rh1+ 77. Kd2 Rh3 78. Be6 Rg3 0-1


[Site "https://www.chess.com"]

[Event "Titled Tuesday Blitz February 15 Early 2022"]
[White "Garriga Cazorla, Pere"]
[Black "Andreikin, Dmitry"]
[WhiteFideId "32011601"]
[BlackFideId "4158814"]
[WhiteElo "2458"]
[BlackElo "2736"]
[Result "0-1"]
[Round "06"]
[TimeControl "180+1"]
[Date "2022.02.15"]
[WhiteClock "0:00:23"]
[BlackClock "0:01:00"]

1. d4 Nf6 2. c4 e6 3. Nc3 Bb4 4. Qc2 O-O 5. Nf3 b6 6. e4 d6 7. Bd3 e5 8. O-O Nc6 9. d5 Ne7 10. Ne2 a5 11. Nh4 Bc5 12. Be3 Bxe3 13. fxe3 Ng4 14. Qd2 Nxd5 15. exd5 Qxh4 16. h3 Nh6 17. Qe1 Qg5 18. Qg3 Qxg3 19. Nxg3 f5 20. Ne2 Bd7 21. Rf2 g6 22. Nc3 Kg7 23. b3 Ng8 24. a3 h5 25. Rc1 h4 26. b4 axb4 27. axb4 Ra3 28. Rfc2 Nf6 29. Bf1 Rb8 30. Be2 Rb3 31. c5 bxc5 32. bxc5 dxc5 33. Nd1 Ne4 34. Bf3 Ng3 35. Nc3 e4 36. Bd1 Rb2 37. Ne2 Rxc2 38. Rxc2 Rb1 0-1


[Site "https://www.chess.com"]

[Event "Titled Tuesday Blitz February 15 Early 2022"]
[White "Gelman, Alexander"]
[Black "Coto Mederos, Michel"]
[WhiteFideId "4118316"]
[BlackFideId "3508528"]
[WhiteElo "2375"]
[BlackElo "2427"]
[Result "1-0"]
[Round "06"]
[TimeControl "180+1"]
[Date "2022.02.15"]
[WhiteClock "0:01:10"]
[BlackClock "0:00:12"]

1. d4 d5 2. Nc3 Nf6 3. Bf4 c5 4. e3 Nc6 5. Nb5 e5 6. dxe5 Ne4 7. Qxd5 Qxd5 8. Nc7+ Kd8 9. Nxd5 Be6 10. Rd1 Kc8 11. f3 g5 12. fxe4 gxf4 13. exf4 Bh6 14. g3 Nd4 15. c3 Nc6 16. Bh3 b6 17. Bxe6+ fxe6 18. Nf6 Rd8 19. Rxd8+ Kxd8 20. Nxh7 Ke7 21. Nf6 Rd8 22. Nf3 Na5 23. Ke2 Nc4 24. b3 Na3 25. Rd1 Nb5 26. Rxd8 Kxd8 27. Kd3 Bg7 28. Ng5 Ke7 29. Nh5 Bh6 30. h4 Nc7 31. Nf6 Bg7 32. Ng4 Bh8 33. h5 b5 34. Ne3 Ne8 35. g4 Bg7 36. Nf3 Nc7 37. g5 a5 38. h6 Bf8 39. Ng4 Kf7 40. Nh4 Ne8 41. g6+ Ke7 42. f5 exf5 43. exf5 Kd7 44. f6 1-0


[Site "https://www.chess.com"]